 Dungeon Crawl Stone Soup version 0.25.1-9-gc5326a611f (webtiles) character file.

Game seed: 13715002604072718239

130 stebl the Gusty (level 5, 0/28 HPs)
             Began as a Tengu Air Elementalist on Dec 24, 2020.
             Slain by a slave (2 damage)
             ... led by Pikel
             ... on level 3 of the Dungeon.
             The game lasted 00:08:48 (2992 turns).

stebl the Gusty (Tengu Air Elementalist)            Turns: 2992, Time: 00:08:49

Health: 0/28       AC:  2    Str:  8    XL:     5   Next: 14%
Magic:  10/10      EV: 13    Int: 16    God:
Gold:   63         SH:  0    Dex: 15    Spells: 4/10 levels left

rFire    . . .     SeeInvis .   j - +0 short sword
rCold    . . .     Gourm    .   (no shield)
rNeg     . . .     Faith    .   a - +0 robe
rPois    .         Spirit   .   (helmet restricted)
rElec    .         Reflect  .   (no cloak)
rCorr    .         Harm     .   (no gloves)
MR       .....                  (boots unavailable)
Stlth    ++........             (no amulet)
HPRegen  0.09/turn              (no ring)
MPRegen  0.12/turn              (no ring)

@: about to teleport
A: beak, talons 3, able to fly
a: Fly


You were on level 3 of the Dungeon.
You were not hungry.

You visited 1 branch of the dungeon, and saw 4 of its levels.

You collected 63 gold pieces.


Innate Abilities, Weirdness & Mutations

You have a beak for a mouth.
You have claws for feet.
You can fly continuously.


   Skills:
 - Level 2.1 Dodging
 - Level 2.0 Stealth
 + Level 3.1 Spellcasting
 - Level 1.3 Conjurations
 * Level 6.5 Air Magic


You had 4 spell levels left.
You knew the following spells:

 Your Spells              Type           Power        Failure   Level  Hunger
i - Swiftness             Chrm/Air       ##......     8%          2    ##.....
t - Static Discharge      Conj/Air       ###.....     11%         3    ###....
z - Shock                 Conj/Air       ###.         3%          1    None

Your spell library contained the following spells:

 Spells                   Type           Power        Failure   Level  Hunger
 Airstrike                Air            ###.......   12%         4    ####...
 Lightning Bolt           Conj/Air       ###.......   69%         5    ######.

Inventory:

Hand Weapons
 j - a +0 short sword (weapon)
Missiles
 b - 63 stones (quivered)
Armour
 a - a +0 robe (worn)
Scrolls
 d - a scroll of remove curse {@r2}
 e - 4 scrolls of teleportation {@r4}
 i - a scroll of fear {unknown}
 k - a scroll of identify {unknown}
Potions
 f - a potion of brilliance {unknown}
 g - a potion of stabbing {unknown}
 h - a potion of mutation {unknown}
Comestibles
 c - 5 rations {@e1}

Dungeon Overview and Level Annotations

Branches:
Dungeon (4/15)
 Temple: D:4-7

Altars:

Annotations:
D:3 Sigmund
D:4 Pikel

#.......+.........+..............
#....####.........####....##.####
#.#.######.......## #..#.##.#
.......# ##.....## #.##.##.#
#.####.# ##...## #.##.##.# #.##
#.# ##'########.......# #..# #.#
#.##.......)#.#### ##.# #.#
#.##p######.#.# ##.# #.# ##.##@#
####.#.# ##.###.# ##...#p#
#......# .......####.....p#
#.##.### ##........##.).#.#
#.##.# ########.###.##.###.##.#
#.###.##........#
#............#### #####.########
#.################


You could see 3 slaves.


Message History

Eating one of 6 chunks of flesh.
You eat one of the 6 chunks of flesh.
This raw flesh tastes terrible.
There is an open door here.
There is an open door here.
All of the chunks of flesh in your inventory have rotted away.
There is a stone staircase leading up here.
You see here a scale mail.
There is a stone staircase leading up here.
You see here a whip.
There is a stone staircase leading down here.
You climb downwards.
Level annotation: Pikel The slave closely misses you.
The slave misses you. x2
There is a stone staircase leading up here.
The slave hits you. The slave completely misses you. The slave hits you. x2
* * * LOW HITPOINT WARNING * * *
You climb upwards.
Level annotation: Sigmund
There is a stone staircase leading down here.
As you read the scroll labeled ARRIUSINIG, it crumbles to dust.
You feel blessed for a moment.
It was a scroll of remove curse.
The slave hits you.
* * * LOW HITPOINT WARNING * * *
The slave barely misses you.
As you read the scroll labeled YNAJEBI VORRAV, it crumbles to dust.
You feel strangely unstable.
It was a scroll of teleportation.
The slave completely misses you. The slave hits you!
* * * LOW HITPOINT WARNING * * *
The slave hits you.
You die...

Skill      XL: |  1  2  3  4 |
---------------+-------------+-----
Air Magic      | 5 6 |  6.5
Spellcasting   | 3 |  3.1
Dodging        | |  2.1
Stealth        | |  2.0
Conjurations   | |  1.3

Action                   |  1- 3 |  4- 6 || total
-------------------------+-------+-------++-------
Melee: Unarmed           |     2 |     1 ||     3
       Kick              |     2 |     1 ||     3
       Peck              |     1 |       ||     1
 Cast: Shock             |    53 |    41 ||    94
       Swiftness         |     1 |       ||     1
  Use: Scroll            |       |     2 ||     2
  Eat: Chunk             |     2 |     2 ||     4
       Ration            |       |     1 ||     1
Armor: Robe              |     1 |     1 ||     2
Dodge: Dodged            |    12 |    15 ||    27

Levels and vault maps discovered:
D:1:      sevenhm_arrival_forest_fort_small_4, layout_loops_ring,
          kennysheep_small_spiral, st_stairs_11
D:2:      layout_rooms, serial_bayou, serial_bayou_shore_a,
          serial_bayou_crossing, serial_bayou_ford_a, serial_bayou_pond_a,
          chequers_ecumenical_altar_island, minmay_bisected
D:3:      layout_loops_corners, uniq_sigmund
D:4:      layout_basic, first_ration, uniq_pikel

Notes
Turn   | Place    | Note
-------+----------+-------------------------------------------
     0 | D:1      | stebl the Tengu Air Elementalist began the quest for the
                  | Orb.
     0 | D:1      | Reached XP level 1. HP: 10/10 MP: 4/4
   240 | D:1      | Reached XP level 2. HP: 15/15 MP: 4/6
   279 | D:1      | Learned a level 2 spell: Swiftness
   437 | D:1      | You fall into a shaft and drop 1 floor!
   670 | D:2      | Reached skill level 5 in Air Magic
   696 | D:2      | Reached XP level 3. HP: 19/19 MP: 0/7
  1090 | D:2      | Found a faded altar of an unknown god.
  1447 | D:3      | Noticed Sigmund
  1471 | D:2      | Learned a level 3 spell: Static Discharge
  1489 | D:3      | Reached XP level 4. HP: 23/24 MP: 3/9
  1616 | D:4      | Reached skill level 6 in Air Magic
  2061 | D:3      | Reached skill level 3 in Spellcasting
  2716 | D:4      | Gained mutation: You can fly continuously. [Tengu growth]
  2716 | D:4      | Reached XP level 5. HP: 28/28 MP: 6/10
  2896 | D:4      | Noticed Pikel
  2926 | D:4      | Noticed a slave
  2926 | D:4      | Noticed a slave
  2926 | D:4      | Noticed a slave
  2926 | D:4      | Noticed a slave
  2991 | D:3      | HP: 2/28 [slave[Pikel] (8)]
  2992 | D:3      | Slain by a slave

Vanquished Creatures
  2 orc wizards (D:4)
  4 adders
  A dart slug (D:1)
  A leopard gecko (D:3)
  2 orcs
  A ball python (D:2)
  5 bats
  3 giant cockroaches
  4 goblins
  5 hobgoblins
  4 jackals (D:4)
  2 quokkas
  A frilled lizard (D:1)
  3 kobolds (D:2)
  3 rats
41 creatures vanquished.

Table legend:
 A = Turns spent in this place as a percentage of turns spent in the entire game.
 B = Non-inter-level travel turns spent in this place as a percentage of non-inter-level travel turns spent in the entire game.
 C = Inter-level travel turns spent in this place as a percentage of turns spent in this place.
 D = Turns resting spent in this place as a percentage of non-inter-level travel turns spent in this place.
 E = Turns spent auto-exploring this place as a percentage of non-inter-level travel turns spent in this place.
 F = Non-inter-level travel turns spent in this place divided by the number of levels of this place that you've seen.
                   A       B       C       D       E      F
               +-------+-------+-------+-------+-------+----------------------
         Total | 100.0 | 100.0 |   4.1 |  29.6 |  59.4 | 717.2
       Dungeon | 100.0 | 100.0 |   4.1 |  29.6 |  59.4 | 717.2
               +-------+-------+-------+-------+-------+----------------------

Table legend:
 A = Non-vault XP
 B = Vault XP
 C = Vault XP percentage of total XP
 D = Non-vault monster count
 E = Vault monster count
 F = Vault count percentage of total count
                 A         B        C        D         E       F
            +---------+---------+-------+---------+---------+-------
      Total |     178 |       9 |   4.8 |      35 |       6 |  14.6
            +---------+---------+-------+---------+---------+-------
        D:1 |       9 |       5 |  35.7 |       4 |       3 |  42.9
        D:2 |      60 |       4 |   6.2 |      15 |       3 |  16.7
        D:3 |      30 |       0 |   0.0 |       9 |       0 |   0.0
        D:4 |      79 |       0 |   0.0 |       7 |       0 |   0.0
            +---------+---------+-------+---------+---------+-------
